[Event "Betsys MČR v online bleskovém šachu 2021"]
[Site "Chess.com"]
[Date "2021.04.17"]
[Round "3"]
[White "Paulz64"]
[Black "zdenav"]
[Result "1-0"]
[WhiteElo "2499"]
[BlackElo "1835"]
[TimeControl "180+1"]
[EndTime "9:27:19 PDT"]
[Termination "Uživatel Paulz64 zvítězil matem"]

1. d4 e6 2. c4 d5 3. Nc3 Ne7 4. Bg5 f6 5. Bh4 c6 6. e3 Ng6 7. Bg3 Bd6 8. Bd3 O-O 9. Nge2 Bxg3 10. hxg3 Nd7 11. Nf4 Qe8 12. Qh5 Nxf4 13. Qxh7+ Kf7 14. gxf4 Ke7 15. Qxg7+ Rf7 16. Qg3 f5 17. O-O-O Nf6 18. f3 Qg8 19. Qf2 Rg7 20. Rh2 Bd7 21. Rdh1 Qf7 22.
Qc2 dxc4 23. Bxc4 b5 24. Bf1 b4 25. Na4 Nd5 26. Qc5+ Kf6 27. e4 fxe4 28. fxe4 Nxf4 29. Qxb4 Rag8 30. Nc5 Bc8 31. e5+ Kf5 32. Qd2 Rg3 33.
Kb1 Qg6 34. Qc2+ Kg5 35. Ne4+ Kg4 36. Rh4+ Kf5 37. Nxg3+ Kg5 38. Ne4+ Kf5 39. Nf2+ Kg5 40. Rg4# 1-0

[Event "Betsys MČR v online bleskovém šachu 2021"]
[Site "Chess.com"]
[Date "2021.04.17"]
[Round "3"]
[White "Lisak007"]
[Black "TerezaRodshtein"]
[Result "0-1"]
[WhiteElo "1776"]
[BlackElo "2182"]
[TimeControl "180+1"]
[EndTime "9:27:19 PDT"]
[Termination "Uživatel TerezaRodshtein zvítězil na čas"]

1. e4 c5 2. d3 Nc6 3. Nd2 g6 4. g3 Bg7 5. Bg2 e6 6. Ne2 Nge7 7. O-O O-O 8. f4 d5 9. e5 b5 10. c3 Bb7 11. d4 c4 12. g4 f6 13. Ng3 b4 14. Nf3 f5 15. Ng5 Bc8 16. h4 fxg4 17. Qxg4 Nf5 18. h5 Nce7 19. hxg6 Nxg6 20. cxb4 Nxd4 21.
Nh5 Nc6 22. Nxg7 Kxg7 23. Nxe6+ Bxe6 24. Qxe6 Nce7 25. f5 Nh4 26. Bh6+ Kh8 27. Bxf8 Qxf8 28. f6 Neg6 29. Qxd5 Rd8 30. Qe4 Rd2 31. Bh1 Qxb4 32. f7 Qc5+ 0-1

[Event "Betsys MČR v online bleskovém šachu 2021"]
[Site "Chess.com"]
[Date "2021.04.17"]
[Round "3"]
[White "DrStillestein"]
[Black "KdybyNecoTakNic"]
[Result "1-0"]
[WhiteElo "2119"]
[BlackElo "2297"]
[TimeControl "180+1"]
[EndTime "9:27:20 PDT"]
[Termination "Uživatel DrStillestein zvítězil na čas"]

1. c4 Nf6 2. Nc3 g6 3. g3 Bg7 4. Bg2 c6 5. Nf3 O-O 6. O-O d5 7. cxd5 cxd5 8. d4 Ne4 9. Nd2 Nxc3 10. bxc3 Nc6 11. Qb3 e6 12. Ba3 Re8 13. Rab1 Qa5 14. e3 Qa6 15. Rfc1 Qd3 16. Qc2 Qxc2 17. Rxc2 b6 18. Bf1 Bd7 19. c4 dxc4 20. Nxc4 Bf8 21.
Bxf8 Kxf8 22. Bg2 Rab8 23. Bxc6 Bxc6 24. Nd6 Ba4 25. Rc7 Re7 26. Rbc1 Rd8 27. Nc8 Rxc7 28. Rxc7 Bb5 29. Nxa7 Bd3 30. Nc6 Ra8 31. Nb4 Be4 32. Rc3 Ra4 33. a3 Ke7 34. Kf1 Kf6 35. Ke2 h5 36. f3 Bb7 37. e4 Kg5 38. Ke3 h4 39. g4 Ba6 40. Nxa6 Rxa6 41. Rb3 f5 42. h3 1-0

[Event "Betsys MČR v online bleskovém šachu 2021"]
[Site "Chess.com"]
[Date "2021.04.17"]
[Round "3"]
[White "Cenisuh"]
[Black "David_Mic"]
[Result "0-1"]
[WhiteElo "1616"]
[BlackElo "1993"]
[TimeControl "180+1"]
[EndTime "9:27:20 PDT"]
[Termination "Uživatel David_Mic zvítězil na čas"]

1. Nf3 Nf6 2. d4 g6 3. c4 Bg7 4. g3 d6 5. Bg2 O-O 6. O-O Nbd7 7.
Nc3 e5 8. e3 c6 9. b3 Re8 10.
Bb2 Qc7 11. Rc1 b6 12. b4 Bb7 13. dxe5 dxe5 14. Nd2 Rad8 15. Qe2 Bf8 16. a3 a6 17. Rfd1 c5 18. b5 Bxg2 19. Kxg2 a5 20. e4 Be7 21. Nf3 Nf8 22. Nd5 Nxd5 23. exd5 Bd6 24.
Re1 f6 25. Qd2 Qf7 26. Re4 Nd7 27. Qh6 Qg7 28. Qxg7+ Kxg7 29. Rce1 Kf7 30. g4 h6 31. h4 f5 32. gxf5 gxf5 33. R4e2 e4 34. Nd2 Be5 35. Bxe5 Nxe5 36. Rg1 Rg8+ 37. Kf1 Rxg1+ 38. Kxg1 Rg8+ 39. Kh2 Rg4 40. Kh3 Rg1 41. f4 Nd3 42. Kh2 Ra1 0-1

[Event "Betsys MČR v online bleskovém šachu 2021"]
[Site "Chess.com"]
[Date "2021.04.17"]
[Round "3"]
[White "AJedlicka"]
[Black "jarosymon"]
[Result "1-0"]
[WhiteElo "2197"]
[BlackElo "1780"]
[TimeControl "180+1"]
[EndTime "9:27:21 PDT"]
[Termination "Uživatel AJedlicka zvítězil na čas"]

1. d4 d5 2. c4 e6 3. Nc3 c5 4.
cxd5 cxd4 5. Qa4+ Bd7 6. Qxd4 exd5 7. Qxd5 Nc6 8. Nf3 Nf6 9. Qd1 Bc5 10. e3 Qe7 11.
Be2 O-O-O 12. O-O g5 13. b4 Bxb4 14. Qb3 g4 15. Nd4 Nxd4 16. exd4 Kb8 17. Bf4+ Bd6 18. Bxd6+ Qxd6 19. Rab1 Bc6 20. Nb5 Qf4 21. Qa3 a6 22. Nc3 Ne4 23. Bxa6 Nxc3 24. Qxc3 Qxd4 25. Qg3+ Ka7 26.
Be2 h5 27. Qa3+ Kb8 28. Rb4 Qd5 29. Qg3+ Qd6 30. Rfb1 Qxg3 31. hxg3 Kc7 32. a4 Rd2 33. Bb5 Rhd8 34. Bxc6 bxc6 35. Rb7+ Kd6 36. Rxf7 Ke6 37. Rc7 Rd1+ 38. Rxd1 Rxd1+ 39. Kh2 Kd6 40. Rc8 Ra1 41. Ra8 c5 42. f3 c4 43. f4 c3 44. Rc8 1-0

[Event "Betsys MČR v online bleskovém šachu 2021"]
[Site "Chess.com"]
[Date "2021.04.17"]
[Round "3"]
[White "MichalTrhal"]
[Black "Z_u_z_i"]
[Result "1-0"]
[WhiteElo "1925"]
[BlackElo "1543"]
[TimeControl "180+1"]
[EndTime "9:27:21 PDT"]
[Termination "Uživatel MichalTrhal zvítězil na čas"]

1. e4 c5 2. Nf3 e6 3. d4 cxd4 4. Nxd4 Nc6 5. Nb3 a6 6. g3 Nf6 7. Bg2 Be7 8. O-O O-O 9. c4 b5 10. e5 Ne8 11. c5 Bb7 12. Nc3 Rc8 13. Re1 f6 14. exf6 Nxf6 15. Be3 Qc7 16. Rc1 Rcd8 17.
Ne2 Ng4 18. Nf4 Nxe3 19. Rxe3 Nb4 20. Qd4 Nc6 21. Bxc6 Bxc6 22. Nh5 Bf6 23. Nxf6+ Rxf6 24. Rce1 Rdf8 25. f4 Bd5 26. Nc1 Qc6 27. Nd3 Bh1 28.
R1e2 Bd5 29. Ne5 Qc7 30. c6 dxc6 31. Qc5 Bc4 32. Rd2 Bd5 33. a3 Rd8 34. Red3 Rff8 35.
b4 Rd6 36. Qe3 Rfd8 37. Ng4 Bc4 38. Rd4 Rxd4 39. Rxd4 Rxd4 40. Qxd4 1-0

[Event "Betsys MČR v online bleskovém šachu 2021"]
[Site "Chess.com"]
[Date "2021.04.17"]
[Round "3"]
[White "HonzaVykouk"]
[Black "JohnnyDuck64"]
[Result "1-0"]
[WhiteElo "2694"]
[BlackElo "2132"]
[TimeControl "180+1"]
[EndTime "9:27:22 PDT"]
[Termination "Uživatel HonzaVykouk zvítězil na čas"]

1. e4 c5 2. Nf3 d6 3. d4 cxd4 4. Nxd4 Nf6 5. Nc3 g6 6. Be3 Bg7 7. f3 a6 8. Qd2 Nbd7 9. h4 h5 10.
O-O-O b5 11. Bg5 Bb7 12. Kb1 Rc8 13. Be2 Nb6 14. a3 Nc4 15. Bxc4 Rxc4 16. Nb3 Qc7 17. Nd5 Bxd5 18. exd5 O-O 19. g4 hxg4 20. Na5 Ra4 21.
Nc6 gxf3 22. h5 Re8 23. h6 Bf8 24. h7+ Kh8 25. Rhe1 Bg7 26. Qf2 Ne4 27. Qe3 Nxg5 28. Qxg5 Bf6 29. Qe3 Kg7 30. Qxf3 Rh4 31. Rh1 Rxh1 32.
Rxh1 Rh8 33. Qh3 1-0

[Event "Betsys MČR v online bleskovém šachu 2021"]
[Site "Chess.com"]
[Date "2021.04.17"]
[Round "3"]
[White "florenc1330"]
[Black "TarantAnk"]
[Result "1-0"]
[WhiteElo "2088"]
[BlackElo "1729"]
[TimeControl "180+1"]
[EndTime "9:27:22 PDT"]
[Termination "Uživatel florenc1330 zvítězil na čas"]

1. c4 c5 2. g3 d6 3. Bg2 Nf6 4. Nc3 g6 5. Nf3 Nc6 6. O-O Bg7 7. a3 O-O 8. Rb1 Rb8 9. b4 Bf5 10. d3 cxb4 11. axb4 Nd7 12. Bd2 Nde5 13. b5 Nxf3+ 14. Bxf3 Nd4 15. Bg2 a6 16. e3 Bxd3 17. exd4 Bxb1 18.
Qxb1 axb5 19. Nxb5 Qb6 20. Qd3 Rfc8 21. h4 Ra8 22. h5 Ra4 23. Rc1 Rca8 24. Qe4 Ra1 25. Kh2 Rxc1 26. Bxc1 Rc8 27. Qxe7 Bf8 28. Qxb7 Qxb7 29.
Bxb7 Rxc4 30. Bf4 Rb4 31. Bc6 Kg7 32. d5 gxh5 33. Nxd6 Rb2 34. Ne8+ Kg6 35. Kg2 Bc5 36. d6 Rxf2+ 37. Kh3 Rf1 38. Be4+ f5 39. d7 Bb6 40. Bc6 Rd1 41. Kg2 Rg1+ 42. Kf3 Rd1 43. Ke2 Rd4 44. Be3 1-0

[Event "Betsys MČR v online bleskovém šachu 2021"]
[Site "Chess.com"]
[Date "2021.04.17"]
[Round "3"]
[White "bezzuton"]
[Black "SajdlJosef"]
[Result "1-0"]
[WhiteElo "1453"]
[BlackElo "1860"]
[TimeControl "180+1"]
[EndTime "9:27:22 PDT"]
[Termination "Uživatel bezzuton zvítězil na čas"]

1. d4 d5 2. Bf4 c6 3. e3 Nf6 4. c3 Bf5 5. f3 e6 6. h4 Bd6 7. Bxd6 Qxd6 8. Kf2 Nbd7 9. Nd2 h6 10.
g4 Bg6 11. b4 e5 12. Qb3 exd4 13. cxd4 O-O 14. Nh3 Rfe8 15. Nf4 Bh7 16. Bd3 Re7 17. Bxh7+ Nxh7 18. Rag1 Rae8 19. Nf1 Rxe3 20. Nxe3 Qxf4 21.
Rd1 Nhf6 22. Ke2 Nb6 23. Rd3 Nc4 24. a4 Nxe3 25. Rxe3 Qxd4 26. Rxe8+ Nxe8 27. Rd1 Qe5+ 28.
Qe3 f6 29. Qxe5 fxe5 30. Ke3 Nd6 31. b5 Kf7 32. bxc6 bxc6 33. Rc1 1-0

[Event "Betsys MČR v online bleskovém šachu 2021"]
[Site "Chess.com"]
[Date "2021.04.17"]
[Round "3"]
[White "tryskomys"]
[Black "Listro33"]
[Result "1-0"]
[WhiteElo "1476"]
[BlackElo "1872"]
[TimeControl "180+1"]
[EndTime "9:27:25 PDT"]
[Termination "Uživatel tryskomys zvítězil na čas"]

1. e4 c6 2. d4 d5 3. exd5 cxd5 4. c4 Nf6 5. Nc3 Nc6 6. Nf3 e6 7. a3 Be7 8. Bd3 O-O 9. O-O b6 10. cxd5 Nxd5 11. Re1 Bb7 12. Bc2 g6 13. Bh6 Re8 14. Bb3 Na5 15. Ba2 Nxc3 16. bxc3 Bd5 17. Qd3 Bf6 18. Ne5 Rc8 19. Bf4 Nc6 20. c4 Nxe5 21. dxe5 Bb7 22. Qg3 Bg7 23. Rad1 Qc7 24. h4 Red8 25. h5 Rxd1 26. Rxd1 Rd8 27. Re1 Qd7 28. hxg6 hxg6 29. Bb1 Qd4 30. Bg5 Rc8 31. Bf6 Rxc4 32. Bxg6 Qg4 33. Qxg4 Rxg4 34. Bh5 Rxg2+ 35. Kf1 Rh2 36.
Bg4 Rh1+ 37. Ke2 Rxe1+ 38. Kxe1 Bxf6 39. exf6 Bd5 40. Kd2 Kh7 41. Bh5 1-0

[Event "Betsys MČR v online bleskovém šachu 2021"]
[Site "Chess.com"]
[Date "2021.04.17"]
[Round "3"]
[White "FutureFideMasseur"]
[Black "Dejfos"]
[Result "1-0"]
[WhiteElo "2433"]
[BlackElo "1827"]
[TimeControl "180+1"]
[EndTime "9:27:26 PDT"]
[Termination "Uživatel FutureFideMasseur zvítězil na čas"]

1. d4 Nf6 2. c4 c5 3. d5 b5 4. Qc2 bxc4 5. e4 d6 6. Bxc4 g6 7. Nc3 Bg7 8. Nf3 O-O 9. O-O Ba6 10. Bxa6 Nxa6 11. Qe2 Nc7 12. Bf4 Nh5 13. Bg5 h6 14. Bd2 Nf6 15. h3 Kh7 16. Rfe1 e6 17. dxe6 Nxe6 18.
Be3 Re8 19. Rad1 Qe7 20. Qa6 Rad8 21. Nd5 Nxd5 22. exd5 Nc7 23. Qc6 Qd7 24. b3 Nb5 25. Bf4 Nc3 26. Rxe8 Qxe8 27. Re1 Ne2+ 28. Rxe2 Qxe2 29.
Bxd6 Qd1+ 30. Kh2 Qd4 31. Nxd4 cxd4 32. Bf4 g5 33. Bg3 d3 34. d6 d2 35. Qc2+ Kh8 36.
Qxd2 Rd7 37. Qd5 Kg8 38. Qc6 Rd8 39. d7 Bf6 40. Bc7 Be5+ 41. Bxe5 1-0

[Event "Betsys MČR v online bleskovém šachu 2021"]
[Site "Chess.com"]
[Date "2021.04.17"]
[Round "3"]
[White "EXTREME_STRATEGY007"]
[Black "Honza_13"]
[Result "0-1"]
[WhiteElo "1134"]
[BlackElo "1858"]
[TimeControl "180+1"]
[EndTime "9:27:27 PDT"]
[Termination "Uživatel Honza_13 zvítězil matem"]

1. e4 c5 2. Nf3 Nc6 3. d4 cxd4 4.
Nxd4 e5 5. Nb5 d6 6. N1c3 a6 7. Na3 Be7 8. Be3 Nf6 9. Bg5 O-O 10. Bxf6 Bxf6 11. Nd5 Be6 12. c4 Bg5 13. Bd3 Qa5+ 14. Nc3 Nd4 15. O-O Rfc8 16. Nd5 Qd8 17. Nc2 Nxc2 18.
Qxc2 b5 19. b3 f5 20. f3 Bxd5 21. exd5 Qb6+ 22. Kh1 Rf8 23. Bxf5 Rf6 24. Be6+ Kh8 25. cxb5 Raf8 26. bxa6 Qxa6 27. Rad1 Bf4 28. g3 Be3 29. Kg2 Bd4 30. Qd3 Qxa2+ 31. Rd2 Qa5 32. Rb1 Rxf3 33.
Qxf3 Qxd2+ 34. Kh1 Rxf3 35. Ra1 Rf8 36. Ra7 Qe3 37. Ra8 Qf3# 0-1

[Event "Betsys MČR v online bleskovém šachu 2021"]
[Site "Chess.com"]
[Date "2021.04.17"]
[Round "3"]
[White "Soural_J"]
[Black "Diamantidis_13"]
[Result "0-1"]
[WhiteElo "2163"]
[BlackElo "2444"]
[TimeControl "180+1"]
[EndTime "9:27:28 PDT"]
[Termination "Uživatel Diamantidis_13 zvítězil na čas"]

1. Nf3 Nf6 2. c4 e6 3. g3 a6 4. Nc3 d5 5. cxd5 exd5 6. d4 Be7 7. Bg2 O-O 8. O-O Re8 9. Bg5 c6 10. Bxf6 Bxf6 11. e3 a5 12. a3 Qe7 13. Rb1 Bf5 14.
Rc1 Na6 15. Na4 g6 16. Qd2 Nc7 17. Nc5 Ne6 18. b4 axb4 19. axb4 h5 20. h4 Nxc5 21.
Rxc5 Bd7 22. b5 cxb5 23. Rxd5 Bc6 24. Rc5 Rad8 25. Rfc1 Qf8 26. Ne1 Bxg2 27. Nxg2 b4 28. Rb5 Be7 29. Rxb7 Bd6 30. Qa2 Re7 31. Rxe7 Qxe7 32.
Nf4 Bxf4 33. exf4 Rxd4 34. Qa8+ Qd8 35. Rc8 Rd1+ 36. Kg2 Qxc8 37. Qxc8+ Kg7 38. Qb7 Rd4 39. Qb6 Rc4 0-1

[Event "Betsys MČR v online bleskovém šachu 2021"]
[Site "Chess.com"]
[Date "2021.04.17"]
[Round "3"]
[White "matej-c"]
[Black "Hanicka1517"]
[Result "0-1"]
[WhiteElo "1971"]
[BlackElo "1623"]
[TimeControl "180+1"]
[EndTime "9:27:29 PDT"]
[Termination "Uživatel Hanicka1517 zvítězil na čas"]

1. d4 Nf6 2. c4 c5 3. d5 b5 4. cxb5 a6 5. b6 e6 6. Nc3 Bb7 7. e4 Qxb6 8. a4 Be7 9. a5 Qd8 10. Bc4 O-O 11. Qb3 exd5 12. exd5 Qc7 13. Nf3 d6 14. O-O Nbd7 15. Re1 Rfe8 16. h3 Rab8 17.
Qc2 Ne5 18. Nxe5 dxe5 19. b3 Rbd8 20. Rd1 Bd6 21. Bg5 Be7 22. Be3 Bd6 23. g4 Qd7 24.
Bd3 Nxg4 25. Bf5 Nxe3 26. fxe3 Qe7 27. Bxh7+ Kh8 28. Bf5 Qg5+ 29. Kh2 e4+ 30. Kh1 Qxf5 31. Qg2 Qg6 32. Qf2 Qg3 33. Qxg3 Bxg3 34. Rf1 f6 35.
Rad1 Re5 36. Kg2 Bh4 37. Rf4 Bg5 38. Rg4 Bxe3 39. d6 Bd4 40. Ne2 Rxd6 41. Nf4 Rg5 0-1

[Event "Betsys MČR v online bleskovém šachu 2021"]
[Site "Chess.com"]
[Date "2021.04.17"]
[Round "3"]
[White "Miky2610"]
[Black "matycz07"]
[Result "1-0"]
[WhiteElo "1843"]
[BlackElo "998"]
[TimeControl "180+1"]
[EndTime "9:27:31 PDT"]
[Termination "Uživatel Miky2610 zvítězil matem"]

1. c4 e5 2. Nc3 Bc5 3. e3 Nf6 4.
d4 exd4 5. exd4 Bb6 6. Nf3 O-O 7. Be2 d6 8. O-O c5 9. d5 Na6 10. a3 Bf5 11. Bf4 h6 12. Nb5 Bc7 13. Qd2 Nb8 14. Nh4 Ne4 15. Qe3 Qxh4 16. Nxc7 Nd7 17. Nxa8 Rxa8 18. Bg3 Nxg3 19. fxg3 Qe4 20. Qxe4 Bxe4 21. Rae1 Re8 22. Bh5 g6 23. Bf3 Bxf3 24. Rxe8+ Kg7 25.
Rxf3 Nf6 26. Re7 h5 27. Rxb7 a6 28. Rb6 a5 29. Rxd6 Ne4 30. Rd7 Nf6 31. d6 Nxd7 32.
Re3 Kf6 33. Kf2 Ne5 34. b3 Nd7 35. h3 g5 36. g4 hxg4 37. hxg4 Kg6 38. Kg3 f6 39. b4 f5 40. gxf5+ Kxf5 41. bxa5 Ne5 42. a6 Nxc4 43. Rf3+ Ke6 44. Rd3 Nxd6 45. Rxd6+ Kxd6 46. a7 Kc7 47. a8=Q Kd6 48. Kg4 c4 49. Kxg5 Kc5 50. Qc8+ Kd4 51. Kf4 Kc3 52. Qc5 Kb3 53. g4 c3 54. g5 c2 55. g6 Kb2 56. Qb5+ Kc1 57. g7 Kd1 58. Qd5+ Kc1 59. g8=Q Kb1 60. Qb8+ Kc1 61. Qa2 Kd2 62. Qd8+ Kc1 63. Qh4 Kd2 64. Qf2+ Kd3 65. Qb3# 1-0

[Event "Betsys MČR v online bleskovém šachu 2021"]
[Site "Chess.com"]
[Date "2021.04.17"]
[Round "3"]
[White "vit_rosenbaum"]
[Black "domecek"]
[Result "1-0"]
[WhiteElo "2211"]
[BlackElo "1967"]
[TimeControl "180+1"]
[EndTime "9:27:32 PDT"]
[Termination "Uživatel vit_rosenbaum zvítězil na čas"]

1. e4 c6 2. d4 d5 3. Nd2 g6 4.
Ngf3 Bg7 5. c3 Nd7 6. Bd3 Ndf6 7. e5 Nd7 8. Nb3 e6 9. Bg5 Qc7 10. Qd2 a6 11. O-O c5 12. dxc5 Nxc5 13. Nxc5 Qxc5 14.
Be3 Qc7 15. Rfe1 h5 16. Rad1 Nh6 17. c4 dxc4 18. Bxc4 Nf5 19. Bc5 b6 20. Ba3 Bf8 21. Rc1 Qd7 22. Qc3 Bxa3 23. Qxa3 Qe7 24. Bb5+ Kf8 25. Qa4 Bb7 26. Bc6 Kg7 27. Qe4 Ra7 28. Red1 Rc8 29. Bxb7 Rxc1 30. Rxc1 Qxb7 31. Qxb7 Rxb7 32.
h3 h4 33. Kh2 b5 34. Rc6 a5 35. Ra6 a4 36. Rc6 b4 37. Rc4 Rb5 38. Nxh4 Nxh4 39. Rxh4 1-0

[Event "Betsys MČR v online bleskovém šachu 2021"]
[Site "Chess.com"]
[Date "2021.04.17"]
[Round "3"]
[White "Tomasn2003"]
[Black "Honzik1950"]
[Result "0-1"]
[WhiteElo "1119"]
[BlackElo "1493"]
[TimeControl "180+1"]
[EndTime "9:27:34 PDT"]
[Termination "Uživatel Honzik1950 zvítězil po vzdání soupeře"]

1. e4 a6 2. Nf3 b5 3. d4 e6 4. c4 b4 5. a3 Bb7 6. d5 a5 7. Bd2 exd5 8. cxd5 Nf6 9. Bd3 Be7 10. axb4 Bxb4 11.
Bxb4 axb4 12. Rxa8 Bxa8 13. O-O O-O 14. Qb3 Qe7 15. Re1 c5 16. Nbd2 d6 17. Qa4 Nbd7 18.
Bb5 Ne5 19. Nxe5 Qxe5 20. Qc2 Nxd5 21. Nc4 Qe7 22. g3 Nf6 23. e5 Qb7 24. Kf1 Qxb5 25.
exf6 d5 26. fxg7 Rd8 27. Qe2 Qxc4 28. Qxc4 dxc4 29. Re5 Rd5 30. Rxd5 Bxd5 31. Ke2 Kxg7 32. Kd2 Kf6 33. f4 Ke6 34. Ke3 f5 35. h4 h5 36.
Kd2 Kd6 37. Kc2 Be4+ 38. Kd2 Kd5 39. Ke3 c3 40. bxc3 bxc3 41. Ke2 Kd4 42. Ke1 Kd3 43. Kd1 Ke3 44. Kc1 Kf3 45. g4 Kxg4 0-1

[Event "Betsys MČR v online bleskovém šachu 2021"]
[Site "Chess.com"]
[Date "2021.04.17"]
[Round "3"]
[White "ReitteN"]
[Black "Nevimjakhrat"]
[Result "1-0"]
[WhiteElo "1769"]
[BlackElo "1479"]
[TimeControl "180+1"]
[EndTime "9:27:35 PDT"]
[Termination "Uživatel ReitteN zvítězil matem"]

1. c4 Nf6 2. Nc3 g6 3. g3 Bg7 4. Bg2 O-O 5. d3 e6 6. e4 Nc6 7. Nge2 d6 8. O-O Bd7 9. h3 Qc8 10. Kh2 e5 11. f4 h6 12. Bd2 Nd4 13. Nxd4 exd4 14. Nd5 Nxd5 15. cxd5 f5 16. Qb3 Kh7 17. Rac1 Rb8 18. Rc2 Qd8 19. Rfc1 c6 20. Bb4 c5 21.
Bd2 Rh8 22. Re1 g5 23. Bc1 gxf4 24. Bxf4 Kg8 25. Bxd6 b6 26. Bxb8 Qxb8 27. d6+ Kf8 28. e5 Rg8 29. Bd5 Rh8 30. Rf2 h5 31. e6 Bc8 32. Rxf5+ Ke8 33. d7+ Bxd7 34. exd7+ Kxd7 35. Bf7 Rf8 36. Qe6+ Kc7 37. Rd5 Kb7 38. Qd7+ Ka6 39.
Qa4+ Kb7 40. Rd7+ Ka8 41. Qc6+ Qb7 42. Qxb7# 1-0

[Event "Betsys MČR v online bleskovém šachu 2021"]
[Site "Chess.com"]
[Date "2021.04.17"]
[Round "3"]
[White "JindrichT_CZE"]
[Black "matyson523"]
[Result "0-1"]
[WhiteElo "2083"]
[BlackElo "1778"]
[TimeControl "180+1"]
[EndTime "9:27:36 PDT"]
[Termination "Uživatel matyson523 zvítězil matem"]

1. e4 c5 2. c4 Nc6 3. Nc3 g6 4. g3 Bg7 5. Bg2 d6 6. Nge2 Nf6 7. d3 O-O 8. h3 Nd4 9. O-O Be6 10. Nf4 Qd7 11. Be3 a6 12. Nce2 Nxe2+ 13. Qxe2 Qc7 14. Nxe6 fxe6 15. Rab1 Nd7 16. b4 cxb4 17. Rxb4 a5 18. Rb5 e5 19. Rfb1 Rfb8 20. h4 b6 21. Bh3 Nc5 22.
Bxc5 bxc5 23. Qg4 Rxb5 24. Rxb5 Rb8 25. Qe6+ Kf8 26. h5 Bf6 27. hxg6 hxg6 28. a4 Kg7 29. g4 Rh8 30. Kg2 Rb8 31. g5 Bxg5 32. Bg4 Bf6 33.
Qd5 Bh4 34. Qe6 Rf8 35. Qd5 Rb8 36. f3 Bf6 37. Be6 Bg5 38. Kg3 Bf4+ 39. Kg4 Qd8 40. Rxb8 Qxb8 41. Bd7 Qb1 42. Kh3 Qh1+ 43. Kg4 Qg2+ 44.
Kh4 Qg3# 0-1

[Event "Betsys MČR v online bleskovém šachu 2021"]
[Site "Chess.com"]
[Date "2021.04.17"]
[Round "3"]
[White "Jakuboss22005"]
[Black "Tomasbezdek07"]
[Result "1-0"]
[WhiteElo "2059"]
[BlackElo "1682"]
[TimeControl "180+1"]
[EndTime "9:27:36 PDT"]
[Termination "Uživatel Jakuboss22005 zvítězil na čas"]

1. b3 g6 2. Bb2 Nf6 3. g3 Bg7 4. Bg2 c5 5. c4 Nc6 6. Nf3 b6 7. O-O O-O 8. d3 Bb7 9. Nbd2 Qc7 10. a3 e6 11. Qc2 d5 12. cxd5 exd5 13. e3 Rfe8 14. Rfc1 Qd6 15. d4 cxd4 16. Nxd4 Rac8 17. Nxc6 Rxc6 18. Qd3 Rec8 19. Rxc6 Rxc6 20. Nf3 Rc8 21.
Rd1 Rd8 22. b4 a5 23. b5 Qc5 24. Bd4 Qd6 25. Rc1 Ne4 26. Bxg7 Kxg7 27. Qd4+ Kg8 28.
a4 Qf6 29. Rc7 Qxd4 30. Nxd4 Ba8 31. Nc6 Re8 32. Nd4 Kg7 33. Kf1 Nd2+ 34. Ke2 Nc4 35. Bh3 Nb2 36. Be6 Rf8 37. Bh3 Nxa4 38. Ne6+ Kg8 39.
Nxf8 1-0

[Event "Betsys MČR v online bleskovém šachu 2021"]
[Site "Chess.com"]
[Date "2021.04.17"]
[Round "3"]
[White "kubaches123"]
[Black "Bagr92"]
[Result "1-0"]
[WhiteElo "1980"]
[BlackElo "1588"]
[TimeControl "180+1"]
[EndTime "9:27:36 PDT"]
[Termination "Uživatel kubaches123 zvítězil na čas"]

1. d4 d5 2. c4 e6 3. Nc3 Nf6 4. Nf3 c5 5. cxd5 exd5 6. g3 Nc6 7. Bg2 cxd4 8. Nxd4 Bc5 9. Nb3 Bb6 10. O-O O-O 11.
Bg5 d4 12. Ne4 Kh8 13. Rc1 Bf5 14. Nxf6 gxf6 15. Bh6 Rg8 16. Nc5 Qd6 17. Nxb7 Qc7 18. Bxc6 Rab8 19. Bg2 Qe7 20. Bf4 Rxb7 21. Qa4 Rd7 22.
Rfe1 Rdd8 23. Qb5 Bg4 24. h3 Bd7 25. Qd3 f5 26. Kh2 Rg6 27. Rc2 Ba4 28. b3 Bd7 29. Rec1 Re6 30. Bf3 a6 31. Bc7 Bxc7 32. Rxc7 Qd6 33.
R7c2 Bb5 34. Qd2 f4 35. g4 Rde8 36. Re1 d3 37. Rc3 dxe2 38. Qxd6 Rxd6 39. a4 Bd3 40. b4 a5 41. b5 1-0

[Event "Betsys MČR v online bleskovém šachu 2021"]
[Site "Chess.com"]
[Date "2021.04.17"]
[Round "3"]
[White "valid88"]
[Black "Tassa15"]
[Result "1-0"]
[WhiteElo "1342"]
[BlackElo "846"]
[TimeControl "180+1"]
[EndTime "9:27:37 PDT"]
[Termination "Uživatel valid88 zvítězil po vzdání soupeře"]

1. d4 d5 2. c4 e5 3. dxe5 d4 4.
Nf3 Nc6 5. b3 Bf5 6. a3 Nge7 7.
Bb2 d3 8. exd3 Ng6 9. d4 Be7 10.
Bd3 Bxd3 11. Qxd3 Nf4 12. Qf1 Bg5 13. Nxg5 h6 14. Nf3 O-O 15. g3 Ne6 16. d5 Ng5 17. dxc6 Nxf3+ 18. Ke2 Nxe5 19. Bxe5 Qe7 20. Kf3 Qxe5 21.
Nd2 Qc3+ 22. Kg2 Qxd2 23. cxb7 Rab8 24. Qe1 Qxe1 25. Rhxe1 Rxb7 26. b4 Rbb8 27. Re7 Rbc8 28. Rae1 Rfd8 29. R1e2 Kh7 30. Rxf7 Rd4 31. c5 Rd3 32. Rf3 Rd5 33. Re7 a6 34. Rff7 Rd3 35.
Rxg7+ Kh8 36. Rh7+ Kg8 37. Reg7+ Kf8 38. Rf7+ Ke8 39.
Rf3 Rxf3 40. Kxf3 Kf8 41. Rxh6 Kg7 42. Rxa6 Rf8+ 43. Kg2 Rb8 44. Ra7 Rc8 45. c6 Kf7 46. b5 Ke7 47. a4 Kd6 48. a5 Kc5 49. Rb7 Kd6 50. a6 Kc5 51. a7 Kd6 52. Rb8 Rxb8 53. axb8=Q Kc5 54. Qa7+ 1-0

[Event "Betsys MČR v online bleskovém šachu 2021"]
[Site "Chess.com"]
[Date "2021.04.17"]
[Round "3"]
[White "AdeeJa"]
[Black "VeceraP1973"]
[Result "0-1"]
[WhiteElo "1526"]
[BlackElo "1914"]
[TimeControl "180+1"]
[EndTime "9:27:38 PDT"]
[Termination "Uživatel VeceraP1973 zvítězil na čas"]

1. e4 c5 2. Nc3 Nc6 3. Bb5 e6 4. Bxc6 bxc6 5. d3 Ne7 6. f4 d5 7. Nf3 Ba6 8. b3 Ng6 9. O-O Be7 10. f5 Nf8 11. fxe6 Nxe6 12. Ne5 Bf6 13. Nxf7 Kxf7 14. e5 Rf8 15. exf6 g6 16. Qg4 Qd6 17. Qh3 Kg8 18. Bh6 Rf7 19. Rae1 Re8 20. Bf4 Qd7 21. Bh6 Bc8 22. Re5 Nd4 23. Rxe8+ Qxe8 24. Qh4 Bd7 25. Re1 Qd8 26. Bg7 Ne6 27. Bh6 Qxf6 28. Qg3 Qd8 29.
Na4 Ng7 30. Bg5 Nf5 31. Bxd8 Nxg3 32. hxg3 Bf5 33. Bg5 Kg7 34. Nxc5 h6 35. Bf4 g5 36.
Be5+ Kg6 37. Bd4 Bc8 38. Ne6 Bxe6 39. Rxe6+ Kf5 40. Rxh6 Re7 41. Rxc6 g4 42. Rf6+ Kg5 43. Ra6 Re1+ 44. Kf2 Rc1 45. Rxa7 Rxc2+ 46. Ke3 Kf5 0-1

[Event "Betsys MČR v online bleskovém šachu 2021"]
[Site "Chess.com"]
[Date "2021.04.17"]
[Round "3"]
[White "Kokos3"]
[Black "Jaja15F"]
[Result "1-0"]
[WhiteElo "1492"]
[BlackElo "1107"]
[TimeControl "180+1"]
[EndTime "9:27:38 PDT"]
[Termination "Uživatel Kokos3 zvítězil na čas"]

1. e4 Nc6 2. d4 d5 3. e5 Bf5 4. c3 e6 5. Nf3 f6 6. exf6 Nxf6 7. h3 Bd6 8. Bg5 O-O 9. Be2 h6 10.
Bh4 Be7 11. O-O Ne4 12. Nbd2 Bxh4 13. Nxh4 Qxh4 14. Nf3 Qd8 15. Qb3 Rb8 16. Rfe1 Qe7 17. Bb5 Qd6 18. Qa4 a6 19. Bf1 b5 20. Qxa6 Rb6 21. Qa3 b4 22. Qa4 bxc3 23. bxc3 Rfb8 24. c4 Rb4 25. Qd1 dxc4 26. Nh4 c3 27. Nxf5 exf5 28. d5 Rd4 29. Qc1 Qxd5 30. f3 Nd2 31. Qxc3 Rc4 32.
Qe3 Rc5 33. Rad1 Rb2 34. Re2 Rcc2 35. Qe8+ Kh7 36. Rde1 Nxf3+ 37. gxf3 Qxf3 38. Rxc2 Rxc2 39. Re2 1-0

[Event "Betsys MČR v online bleskovém šachu 2021"]
[Site "Chess.com"]
[Date "2021.04.17"]
[Round "3"]
[White "Zavurka1975"]
[Black "TheRigos"]
[Result "0-1"]
[WhiteElo "2210"]
[BlackElo "2542"]
[TimeControl "180+1"]
[EndTime "9:27:39 PDT"]
[Termination "Uživatel TheRigos zvítězil na čas"]

1. d4 Nf6 2. Nf3 g6 3. Bf4 Bg7 4. e3 O-O 5. h3 d6 6. Be2 c5 7. c3 b6 8. O-O Bb7 9. a4 a6 10. Qb3 Nbd7 11. Rd1 Ra7 12. d5 Nh5 13. Bh2 Ne5 14. Nxe5 dxe5 15. g4 Nf6 16. Bxe5 Ne4 17. Bxg7 Kxg7 18. c4 f5 19. Nc3 Nd6 20. Qc2 Bc8 21.
g5 e5 22. f4 Re7 23. Bf1 Rfe8 24. Bg2 h6 25. h4 hxg5 26. hxg5 exf4 27. exf4 Re3 28.
Qd2 Nxc4 29. Qf2 Nd6 30. Re1 Qe7 31. Rxe3 Qxe3 32. Qxe3 Rxe3 33. Kf2 Rd3 34. Rd1 Rxd1 35. Nxd1 Bd7 36. Nc3 Nc4 37. Bf1 Nxb2 38. Bxa6 Nxa4 39. Nxa4 Bxa4 40. d6 Kf7 41. Bc8 b5 42. Ke3 b4 43.
Kd2 c4 44. Kc1 c3 45. Bb7 Ke6 0-1